AoeStats
← HSL | Tisy16

Fortress

509868112Analyzed
2v2 RM · 3d ago on Sep 28, 2026· 53m 19s· 4 players
Game mode
Random Map
Map size
Normal (6 player)
Population
200
Speed
Normal
Resources
Standard
Victory
Conquest
Starting age
Dark Age
Ending age
Imperial Age
RankedLock teamsTeams togetherTeam positionsShared explorationLock speedFull tech treeHidden civsTurbo modeCheats
Victory
Defeat
🇫🇷 Koreans · France
1557
+9
🇮🇹 Shu · Italy
1314
+18
🇩🇪 Lithuanians · Germany
1415
-15
🇨🇳 Turks · China
1342
-12
HSL | Tisy16
7:56 Feudal Age
8:50 Double-Bit Axe
8:50 Horse Collar
11:58 Castle Age
13:37 Bow Saw
13:28 Heavy Plow
13:57 Squires
16:50 Scale Mail Armor
20:34 Forging
25:11 Stone Mining
27:05 Loom
27:58 Wheelbarrow
27:24 Pikeman
31:54 Imperial Age
29:57 Chain Mail Armor
31:41 Gold Mining
33:22 Coiled Serpent Array
33:57 Plate Mail Armor
33:21 Arson
34:03 Masonry
34:28 Hand Cart
33:54 Crossbowman
34:26 Fletching
34:17 Elite White Feather Guard
36:16 Bodkin Arrow
37:08 Conscription
37:43 Architecture
37:15 Bracer
38:06 Elite Skirmisher
39:21 Padded Archer Armor
40:46 Two-Man Saw
41:33 Leather Archer Armor
45:05 Chemistry
44:27 Ballistics
46:22 Ring Archer Armor
Sunrise1988
7:17 Feudal Age
11:27 Castle Age
9:35 Double-Bit Axe
9:37 Horse Collar
13:23 Bow Saw
19:34 Wheelbarrow
18:44 Loom
19:31 Heavy Plow
21:35 Hand Cart
21:33 Gold Mining
25:23 Imperial Age
22:56 Stone Mining
24:09 Gold Shaft Mining
23:44 Fletching
24:24 Town Watch
24:36 Bodkin Arrow
25:29 Stone Shaft Mining
26:02 Ballistics
25:44 Husbandry
26:33 Conscription
27:46 Two-Man Saw
26:52 Bracer
27:57 Chemistry
27:29 Elite War Wagon
30:27 Forging
30:17 Scale Mail Armor
31:26 Capped Ram
32:21 Thumb Ring
37:56 Siege Engineers
38:02 Masonry
41:21 Chain Mail Armor
41:41 Iron Casting
42:27 Squires
42:55 Pikeman
43:21 Arson
44:00 Halberdier
48:49 Plate Mail Armor
Inf3ctedPenguin
7:20 Feudal Age
11:31 Castle Age
9:17 Double-Bit Axe
10:20 Horse Collar
12:47 Bow Saw
12:38 Heavy Plow
16:23 Heavy Plow
17:01 Forging
22:33 Loom
23:23 Gold Mining
26:09 Fervor
28:24 Wheelbarrow
29:10 Bloodlines
29:33 Sanctity
29:24 Redemption
29:15 Atonement
29:18 Town Watch
30:30 Hand Cart
34:23 Imperial Age
32:39 Husbandry
33:16 Iron Casting
32:47 Scale Barding Armor
33:33 Light Cavalry
35:23 Chain Barding Armor
34:26 Cavalier
36:23 Chemistry
35:44 Ballistics
35:58 Conscription
36:26 Elite Leitis
37:08 Tower Shields
38:16 Two-Man Saw
39:50 Padded Archer Armor
40:25 Plate Barding Armor
41:25 Masonry
40:55 Treadmill Crane
40:42 Elite Skirmisher
41:27 Thumb Ring
41:39 Leather Archer Armor
41:14 Fletching
42:06 Winged Hussar
42:07 Paladin
46:58 Paladin
47:34 Bodkin Arrow
48:10 Ring Archer Armor
51:28 Onager
Walkuere
6:34 Feudal Age
8:20 Feudal Age
12:11 Castle Age
10:06 Horse Collar
10:16 Double-Bit Axe
10:36 Horse Collar
11:05 Loom
14:03 Wheelbarrow
13:40 Bow Saw
13:37 Heavy Plow
13:50 Heavy Plow
22:47 Hand Cart
23:13 Gold Mining
23:45 Town Watch
24:20 Stone Mining
27:07 Imperial Age
25:53 Ballistics
26:46 Gold Shaft Mining
27:31 Padded Archer Armor
27:41 Elite Janissary
28:42 Conscription
32:20 Leather Archer Armor
32:49 Artillery
35:17 Fletching
37:44 Ring Archer Armor
39:03 Bloodlines
38:53 Husbandry
39:26 Forging
39:11 Bodkin Arrow
40:10 Scale Barding Armor
41:20 Chain Barding Armor
Connection lost

Rejoining the realm…

Still unreachable

The connection could not be restored.

Session expired

The server has moved on; the page needs a fresh start.